 Dungeon Crawl Stone Soup version 0.28-a0-1334-g1c9ffb4daf (webtiles) character file.

Game seed: 7563561543629897190

171 Lekart the Chopper (level 5, 0/46 HPs)
             Began as a Draconian Chaos Knight on Dec 28, 2021.
             Was a Plaything of Xom.
             Succumbed to Dowan's poison
             ... on level 4 of the Dungeon.
             The game lasted 00:04:24 (3312 turns).

Lekart the Chopper (Draconian Chaos Knight)         Turns: 3312, Time: 00:04:25

Health: 0/46       AC:  6    Str: 14    XL:     5   Next: 26%
Magic:  5/5        EV: 12    Int: 13    God:    Xom [......]
Gold:   148        SH:  0    Dex: 12    Spells: 4/4 levels left

rFire   . . .      SeeInvis .   a - +0 hand axe (chaos)
rCold   . . .      Faith    .   (no shield)
rNeg    . . .      Spirit   .   (armour unavailable)
rPois   .          Reflect  .   (helmet restricted)
rElec   .          Harm     .   (no cloak)
rCorr   .          Rampage  .   r - +0 pair of gloves
Will    .....                   (no boots)
Stlth   ++........              (no amulet)
HPRegen 0.15/turn               (no ring)
MPRegen 0.09/turn               (no ring)

@: lethally poisoned (0 -> -8), attractive, hasted, very quick
A: AC +5, unfitting armour, cold-blooded
a: Renounce Religion


You were on level 4 of the Dungeon.
You worshipped Xom.
You were a very special plaything of Xom.
You visited 1 branch of the dungeon, and saw 4 of its levels.

You collected 148 gold pieces.

Inventory:

Hand Weapons
 a - a +0 hand axe of chaos (weapon)
Armour
 r - a +0 pair of gloves (worn)
Jewellery
 e - a ring of poison resistance
 f - an amulet of magic regeneration
 l - a ring of ice
 m - a ring of flight
 q - an amulet of the acrobat
Wands
 o - a wand of flame (12)
Scrolls
 b - a scroll of torment
 g - 3 scrolls of enchant armour {unknown}
 h - a scroll of identify {unknown}
 i - a scroll of silence {unknown}
 n - a scroll of fear {unknown}
Potions
 k - a potion of attraction


   Skills:
 + Level 4.1 Fighting
 + Level 4.6 Axes
 + Level 3.1 Dodging
 + Level 1.0 Stealth


You had 4 spell levels left.
You didn't know any spells.
Your spell library contained the following spells:

 Spells                   Type           Power      Damage    Failure   Level
 Static Discharge         Conj/Air       0%         N/A       43%         2
 Dispel Undead            Necr           0%         3d6       97%         4
 Sticky Flame             Conj/Fire      0%         2d3       97%         4


Dungeon Overview and Level Annotations

Branches:
Dungeon (4/15)
 Temple: D:4-7

Altars:
Ru
Yredelemnul

Annotations:
D:3 exclusion: downstairs
D:4 Dowan, Duvessa


Innate Abilities, Weirdness & Mutations

Your plain brown scales are hard. (AC +5)
You cannot fit into any form of body armour.
You are cold-blooded and may be slowed by cold attacks.


Message History

Dowan hits you with a +2 dagger of venom.
You are lethally poisoned!
You hit Dowan but do no damage.
Dowan is severely wounded.
You feel very sick.
You hit Dowan.
Dowan's magic leaks into the air.
Dowan is almost dead.
You feel very sick. Dowan closely misses you.
You closely miss Dowan.
Dowan is almost dead.
* * * LOW HITPOINT WARNING * * *
You feel very sick.
Dowan's magic is no longer disrupted.
Dowan barely misses you.
You closely miss Dowan.
Dowan is almost dead.
* * * LOW HITPOINT WARNING * * *
You feel sick.
Dowan points at you and mumbles some strange words.
The puff of flame misses you.
You barely miss Dowan. You tail-slap Dowan.
Dowan is almost dead.
* * * LOW HITPOINT WARNING * * *
You feel sick.
Dowan points at you and mumbles some strange words.
The puff of flame hits you.
* * * LOW HITPOINT WARNING * * *
The iguana is attracted toward you.
You barely miss Dowan. You tail-slap Dowan, but do no damage.
Dowan is almost dead.
You hit the iguana but do no damage.
* * * LOW HITPOINT WARNING * * *
You feel sick. Xom twists space around you.
Your surroundings suddenly seem different.
Okay, then.
As you read the scroll of magic mapping, it crumbles to dust.
You feel aware of your surroundings.
You die...
Xom bursts into laughter!

#.# *,* #......... #.# *,*
##........ #.#
*,*************#####...#####
#.###*,,,,,,,,,,,,,.........#####
#...#**************#######......#
###.# ############ ##...).# #.#
#..........# #...)). #.#
#.########e# #....).
#.###.......##@# #......
#.#........<##.## #.#.##.
#.#.#.>.....#...#########......
#...........................##.
###.#.......#...###########.##.
#.........##.## #.###
###.......##.# #.... #.########.#
##### #.########.#


You could see Duvessa (fast).

Vanquished Creatures
  2 orc wizards (D:4)
  A howler monkey skeleton (D:3)
  4 adders
  2 worms
  A dart slug (D:1)
  10 orcs
  9 ball pythons
  2 bats
  3 endoplasms (D:2)
  3 giant cockroaches
  4 goblins
  4 hobgoblins
  6 jackals (D:1)
  A quokka (D:3)
  A frilled lizard (D:2)
  4 kobolds
  A quokka skeleton (D:4)
  A rat (D:2)
59 creatures vanquished.

Vanquished Creatures (others)
  2 withered plants (D:4)
2 creatures vanquished.

Grand Total: 61 creatures vanquished

Notes
Turn   | Place    | Note
-------+----------+-------------------------------------------
     0 | D:1      | Lekart the Draconian Chaos Knight began the quest for the
                  | Orb.
     0 | D:1      | Reached XP level 1. HP: 19/19 MP: 1/1
    80 | D:1      | XOM: potion effect (berserk rage)
    95 | D:1      | Reached XP level 2. HP: 22/26 MP: 2/2
   185 | D:1      | XOM: 8-stop teleportation journey
   267 | D:1      | XOM: cloud trail
   641 | D:1      | XOM: noise
   921 | D:2      | XOM: god gift: bone ring {god gift}
   929 | D:2      | Reached XP level 3. HP: 33/33 MP: 3/3
  1039 | D:2      | XOM: god gift: 20 gold pieces
  1269 | D:2      | XOM: silly message
  1471 | D:2      | XOM: silly message
  1677 | D:3      | Found a sacrificial altar of Ru.
  1795 | D:3      | XOM is BORED!
  1795 | D:3      | XOM: silly message
  2089 | D:3      | Reached XP level 4. HP: 39/40 MP: 4/4
  2556 | D:4      | Noticed Duvessa
  2609 | D:4      | Found a basalt altar of Yredelemnul.
  2629 | D:4      | XOM: divination: magic mapping
  2630 | D:4      | XOM: noise
  2668 | D:4      | XOM: noise
  2796 | D:4      | XOM: enchant monster (good)
  2820 | D:4      | Reached skill level 1 in Stealth
  2820 | D:4      | Reached XP level 5. HP: 16/46 MP: 5/5
  3134 | D:4      | XOM: 2-stop teleportation journey
  3289 | D:4      | Noticed Dowan
  3294 | D:4      | XOM: potion effect (heal wounds)
  3300 | D:4      | XOM: blink monster(s)
  3311 | D:4      | HP: 1/46 [poisoned by Dowan]
  3311 | D:4      | XOM: 1-stop teleportation journey
  3312 | D:4      | Succumbed to Dowan's poison

Illustrated notes

Levels and vault maps discovered:
D:1:      dpeg_arrival_three_smaller_balls, layout_basic, minivault_27
D:2:      layout_loops_ring
D:3:      layout_loops_corners, nicolae_ru_path_of_blood
D:4:      layout_loops_ring, yredelemnul_altar_generic, grunt_tough_drop,
          uniq_duvessa

Skill      XL: |  1  2  3  4 |
---------------+-------------+-----
Axes           | 4 |  4.6
Fighting       | 4 |  4.1
Dodging        | 3 |  3.1
Stealth        | 1 |  1.0

Action                   |  1- 3 |  4- 6 || total
-------------------------+-------+-------++-------
Melee: Hand axe          |   106 |    87 ||   193
       Tailslap          |     7 |     5 ||    12
  Use: Scroll            |     3 |     1 ||     4
       Potion            |       |     4 ||     4
 Stab: Sleeping          |       |     3 ||     3
Armor: Skin              |    30 |    23 ||    53
Dodge: Dodged            |    74 |    59 ||   133

Table legend: (Time is in decaauts)
 A = Elapsed time spent in this place.
 B = Non-inter-level travel time spent in this place.
 C = Inter-level travel time spent in this place.
 D = Time resting spent in this place.
 E = Time spent auto-exploring this place.
 F = Levels seen in this place.
 G = Mean time per level.
                   A        B        C        D        E       F      G
               +--------+--------+--------+--------+--------+-----+--------+
         Total |   3341 |   3242 |     99 |    332 |   2324 |   4 |  835.2 |
       Dungeon |   3341 |   3242 |     99 |    332 |   2324 |   4 |  835.2 |
               +--------+--------+--------+--------+--------+-----+--------+

Top non-repeatable levels by time:
     D:3: 1005 daAuts
     D:1: 893 daAuts
     D:2: 731 daAuts
     D:4: 711 daAuts
